Map: 破晓黎明 - 天梯版

Players

lostCrab

  • Race: Zerg Zerg
  • Spawn Location: 7:00

电脑难度(困难)

  • Race: Zerg Zerg
  • Spawn Location: 1:00

VOD

Have the link to the VOD?

Description

Time

  • Played on: Jan. 20, 2018, 10:49 a.m.
  • Length: 10:56
Show
View Real Time Build Order
Export as new Build Order

lostCrab Zerg 

Build Orders: Hatch First, Lurkers 

Get SALT Encoding   

  12  0:00  Hive  
  12  0:04  Overlord  
    0:10  Drone x12  
    0:24  Drone  
  13  0:35  Overlord  
  13  0:41  Drone  
  14  0:53  Drone x2  
  17  0:57  Drone  
  17  1:16  Hatchery  
  16  1:23  Drone  
  16  1:25  Drone  
  18  1:37  Extractor  
  17  1:42  Drone, Spawning Pool  
  17  1:44  Drone  
  18  1:51  Drone  
  19  2:01  Drone  
  20  2:12  Drone  
  21  2:29  Zergling x2  
  22  2:31  Queen  
  22  2:32  Queen  
  22  2:34  Drone  
  28  2:37  Drone  
  28  2:43  Metabolic Boost  
  28  2:55  Overlord  
  28  3:01  Overlord  
  28  3:13  Queen x2  
  28  3:14  Drone  
  28  3:15  Drone x3  
  36  3:24  Drone x2  
  38  3:44  Drone x3  
  41  3:49  Lair  
  41  3:50  Evolution Chamber  
  40  3:59  Drone x3  
  40  4:00  Drone  
  40  4:02  Roach Warren, Extractor  
  42  4:05  Extractor  
  42  4:09  Drone x2  
  43  4:13  Extractor  
  43  4:17  Drone x2  
  43  4:19  Overlord x3  
  44  4:43  Roach x2  
  44  4:44  Roach x4  
  56  4:46  Drone x3  
  56  4:50  Zerg Missile Weapons Level 1  
  59  5:02  Glial Reconstitution  
  59  5:12  Overlord x2  
  59  5:16  Drone x4  
  63  5:31  Hatchery  
  62  5:37  Roach x3  
  62  5:57  Overlord  
  62  6:01  Hydralisk Den  
  61  6:10  Overlord  
  61  6:33  Drone x3  
  61  6:36  Hydralisk x3  
  61  6:37  Hydralisk x4  
  61  6:38  Lurker Den  
  77  6:43  Drone x4  
  77  6:44  Drone x3, Queen  
  86  7:00  Zerg Missile Weapons Level 2  
  86  7:06  Evolution Chamber  
  85  7:31  Hatchery  
  84  7:38  Infestation Pit  
  84  7:41  Zerg Ground Armor Level 1  
  83  7:47  Overlord x3  
  83  7:59  Roach x5  
  83  8:00  Zergling x8  
  83  8:01  Zergling x16  
  105  8:15  Lurker x7  
  105  8:16  Hydralisk  
  105  8:17  Hydralisk x3  
  105  8:18  Overlord  
  105  8:19  Overlord x3  
  120  8:35  Hive  
  120  8:51  Drone x4  
  120  8:52  Drone x2  
  126  9:05  Roach  
  126  9:06  Roach x9  
  140  10:07  Roach x3  
  140  10:08  Roach x11  
  140  10:10  Overlord  
  140  10:11  Overlord  
  166  10:21  Zergling x2  
  166  10:22  Zergling x2  
Show
View Real Time Build Order
Export as new Build Order

电脑难度(困难) Zerg 

Build Orders: Hatch First 

Get SALT Encoding   

  12  0:04  Overlord  
    0:10  Drone x12  
    0:22  Unknown  
    0:23  Drone  
  13  0:30  Drone  
  14  0:40  Overlord  
  14  0:59  Drone x3  
  17  1:10  Drone  
  18  1:20  Hatchery  
  17  1:34  Spawning Pool  
  17  1:35  Extractor  
  17  1:36  Drone  
  16  1:40  Drone  
  16  1:46  Overlord  
  17  2:20  Drone, Zergling x2  
  17  2:22  Queen, Roach Warren  
  18  2:27  Zergling x2  
  18  2:29  Extractor  
  20  2:31  Drone  
  20  2:33  Drone  
  22  2:48  Drone  
  23  3:00  Drone  
  23  3:02  Roach  
  26  3:07  Overlord  
  26  3:08  Roach  
  28  3:15  Roach  
  30  3:21  Roach  
  32  3:28  Roach  
  36  3:34  Roach  
  36  3:40  Overlord, Roach  
  38  3:47  Roach  
  40  3:51  Drone  
  40  3:54  Drone  
  42  3:58  Drone  
  43  4:03  Drone  
  43  4:06  Drone  
  45  4:10  Drone  
  46  4:17  Overlord  
  46  4:27  Baneling Nest  
  46  4:29  Drone  
  46  4:36  Evolution Chamber  
  46  4:37  Drone  
  46  5:00  Hatchery  
  45  5:20  Hatchery  
  44  5:26  Drone  
  45  5:28  Drone  
  45  5:35  Evolution Chamber  
  43  5:36  Drone  
  40  5:50  Zerg Melee Weapons Level 1  
  40  6:00  Zerg Ground Armor Level 1  
  40  6:12  Burrow  
  40  6:15  Zergling x2  
  41  6:24  Roach  
  43  6:32  Roach  
  45  6:47  Spore Crawler  
  45  6:52  Spore Crawler  
  43  6:54  Drone  
  43  6:57  Hatchery  
  43  7:12  Drone  
  44  7:27  Spine Crawler  
  44  7:29  Drone  
  44  7:38  Spine Crawler  
  43  7:44  Zerg Missile Weapons Level 1  
  43  7:46  Queen  
  45  7:57  Queen  
  46  8:01  Zergling x2  
  47  8:11  Drone  
  48  8:14  Drone  
  48  8:15  Drone  
  48  8:17  Drone  
  51  8:22  Drone  
  51  8:25  Drone  
  53  8:29  Drone  
  53  8:31  Drone  
  55  8:34  Drone  
  55  8:36  Drone  
  55  8:39  Drone  
  58  8:41  Drone  
  58  8:44  Drone  
  58  8:45  Drone  
  58  8:47  Drone  
  62  8:48  Drone  
  62  8:50  Drone  
  62  8:51  Drone  
  62  8:53  Drone, Roach  
  66  8:58  Overlord  
  65  9:13  Zergling x2  
  50  9:30  Pneumatized Carapace  
  50  9:38  Zergling x2  
  50  9:39  Drone  
  50  9:42  Roach  
  46  9:46  Zergling x2  
  46  9:50  Roach  
  36  9:53  Zergling x2  
  28  10:01  Drone  
  28  10:05  Drone  
  22  10:10  Drone  
  18  10:14  Drone  
  10  10:28  Overlord  
  7  10:41  Drone x2  
Tags
 
Add a new tag
Caveats
  • Supply blocks, unpowered buildings, or Contaminate may cause inaccurate times.
  • Supply counts are checked every 10 seconds.